 Dungeon Crawl Stone Soup version 0.23.2-33-g5129a83184 (webtiles) character file.

Game seed: 10007585354300703899

534688 DildoBatman the Metallomancer (level 27, -1/190 HPs)
             Began as a Formicid Wizard on Aug 10, 2019.
             Was an Initiate of Gozag.
             Slain by a skeletal warrior
             ... wielding a +0 scimitar of distortion
              (10 damage)
             ... while petrified by a lich
             ... on level 3 of the Crypt on Aug 11, 2019.
             The game lasted 05:06:07 (51656 turns).

DildoBatman the Metallomancer (Formicid Wizard)    Turns: 51656, Time: 05:06:08

Health: -1/190     AC: 28    Str: 16    XL:     27
Magic:  11/41      EV:  2    Int: 29    God:    Gozag
Gold:   6930       SH:  0    Dex: 16    Spells: 12/54 levels left

rFire    . . .     SeeInvis +   a - +7 great mace "Undeadhunter" {disrupt, rN+}
rCold    + . .     Gourm    .   l - +8 large shield
rNeg     + + +     Faith    .   y - +4 troll leather armour
rPois    ∞         Spirit   .   (helmet unavailable)
rElec    .         Reflect  .   A - +2 cloak {+Inv}
rCorr    .         Harm     .   i - +3 pair of gauntlets of War {Slay+5}
MR       +++..                  E - +2 pair of boots
Stlth    ++++......             r - amulet of regeneration
HPRegen  1.21/turn              I - ring of Lutraar {+Blink EV+2 Str+2 Dex+2}
MPRegen  0.27/turn              O - ring "Qeropsog" {+Blink EV+2 Dex+3}

@: lich-form, petrified, gold aura, studying Shields
A: permanent stasis, dig shafts and tunnels, four strong arms, antennae 3,
hooves 1, molten scales 1, thin skeletal structure 1
}: 2/15 runes: serpentine, barnacled
a: Dig, Shaft Self, End Transformation, Potion Petition, Call Merchant, Bribe
Branch, Renounce Religion, Evoke Invisibility


You were on level 3 of the Crypt.
You worshipped Gozag.
Gozag was greatly pleased with you.
You were not hungry.
You were a lich.
You visited 9 branches of the dungeon, and saw 43 of its levels.
You also visited: Ossuary, Bailey and Ice Cave.

You collected 21912 gold pieces.
You spent 7610 gold pieces at shops.
You paid 7372 gold pieces to Gozag.

Inventory:

Hand Weapons
 a - the +7 great mace "Undeadhunter" (weapon) {disrupt, rN+}
   (You found it on level 2 of the Shoals)

   It protects you from negative energy.
 c - a +9 vampiric demon trident
 u - the cursed +13 scythe of Curses {drain, *Curse}
   (You found it on level 3 of the Crypt)

   A truly terrible weapon, it drains the life of those it strikes.
   It curses itself when equipped.
   It has a curse placed upon it.
Missiles
 G - 20 throwing nets (quivered)
Armour
 i - the +3 pair of gauntlets of War (worn) {Slay+5}
   (You acquired it on level 4 of the Shoals)

   It affects your accuracy and damage with ranged weapons and melee attacks
   (+5).
 l - a +8 large shield (worn)
 y - a +4 troll leather armour (worn)
 A - a +2 cloak of invisibility (worn)
 E - a +2 pair of boots (worn)
Magical Staves
 b - an uncursed staff of energy
Jewellery
 d - an uncursed amulet of harm {unknown}
 k - the ring "Firpho Moesuo" {rF+ rC+ Str+6 Int-3}
   (You found it on level 3 of the Elven Halls)

   [ring of protection from cold]

   It affects your strength (+6).
   It affects your intelligence (-3).
   It protects you from fire.
   It protects you from cold.
 r - an amulet of regeneration (around neck)
 I - the ring of Lutraar (left hand) {+Blink EV+2 Str+2 Dex+2}
   (You found it on level 2 of the Elven Halls)

   [ring of evasion]

   It affects your evasion (+2).
   It affects your strength (+2).
   It affects your dexterity (+2).
   It lets you blink.
 O - the ring "Qeropsog" (right hand) {+Blink EV+2 Dex+3}
   (You found it on level 1 of the Snake Pit)

   [ring of evasion]

   It affects your evasion (+2).
   It affects your dexterity (+3).
   It lets you blink.
 T - the ring of Xom's Amusement {rElec Dex+5 SInv}
   (You found it on level 6 of the Lair of Beasts)

   [ring of see invisible]

   It affects your dexterity (+5).
   It insulates you from electricity.
   It lets you see invisible.
Wands
 e - a wand of iceblast (64)
 h - a wand of acid (15)
 L - a wand of clouds (6)
 U - a wand of disintegration (9)
 W - a wand of scattershot (9)
Scrolls
 j - 11 scrolls of fog
 t - 3 scrolls of summoning
 x - 18 scrolls of remove curse
 z - 12 scrolls of identify
 C - 4 scrolls of magic mapping
 H - 3 scrolls of holy word
 M - a scroll of enchant armour
 P - 9 scrolls of immolation
 X - 10 scrolls of amnesia
Potions
 g - 6 potions of brilliance
 n - 7 potions of cancellation
 o - 4 potions of heal wounds
 q - 15 potions of curing
 w - a potion of magic
 B - 10 potions of might
 N - 5 potions of agility
 S - 2 potions of ambrosia
 Y - a potion of resistance
Books
 F - a manual of Shields
Miscellaneous
 f - 2 phantom mirrors
 m - a phial of floods
 p - 2 sacks of spiders
 s - a lightning rod (4/4)
 J - a lamp of fire
 K - a fan of gales
 Q - 2 boxes of beasts
Comestibles
 v - 23 rations


   Skills:
 - Level 10.0 Fighting
   Level 4.1 Long Blades
 - Level 5.0 Maces & Flails
 - Level 5.0 Polearms
 - Level 9.0 Armour
 - Level 7.0 Dodging
 - Level 6.0 Stealth
 * Level 18.3 Shields
 - Level 14.0 Spellcasting
   Level 6.0 Conjurations
 - Level 6.0 Hexes
 - Level 6.0 Charms
   Level 1.0 Summonings
 * Level 18.9 Necromancy
   Level 0.8 Translocations
 - Level 19.0 Transmutations
   Level 4.0 Fire Magic
 - Level 6.0 Ice Magic
 - Level 4.1 Air Magic
 - Level 21.3 Earth Magic
   Level 8.0 Poison Magic
 * Level 10.2 Evocations


You had 12 spell levels left.
You knew the following spells:

 Your Spells              Type           Power        Failure   Level  Hunger
a - Shatter               Erth           #######...   43%         9    N/A
b - Borgnjor's Vile Clut  Necr/Erth      ########..   1%          5    N/A
c - Spectral Weapon       Hex/Chrm       ######..     1%          3    N/A
d - Necromutation         Tmut/Necr      ########..   8%          8    N/A
h - Dispel Undead         Necr           ########     1%          5    N/A
i - Ozocubu's Armour      Chrm/Ice       ######..     1%          3    N/A
j - Tornado               Air            #####.....   100%        9    N/A

Your spell library contained the following spells:

 Spells                   Type           Power        Failure   Level  Hunger
 Animate Skeleton         Necr           N/A          0%          1    N/A
 Beastly Appendage        Tmut           ######       0%          1    N/A
 Pain                     Necr           ####         0%          1    N/A
 Corpse Rot               Necr           N/A          0%          2    N/A
 Passwall                 Tmut/Erth      #######.     0%          2    N/A
 Sticks to Snakes         Tmut           #######.     0%          2    N/A
 Sublimation of Blood     Necr           ########..   0%          2    N/A
 Vampiric Draining        Necr           ########..   0%          3    N/A
 Animate Dead             Necr           N/A          0%          4    N/A
 Petrify                  Tmut/Erth      #######.     0%          4    N/A
 Lee's Rapid Deconstruct  Erth           #######...   0%          5    N/A
 Apportation              Tloc           ####..       1%          1    N/A
 Confusing Touch          Hex            ######       1%          1    N/A
 Corona                   Hex            ######.      1%          1    N/A
 Freeze                   Ice            ####         1%          1    N/A
 Infusion                 Chrm           ####         1%          1    N/A
 Magic Dart               Conj           ####         1%          1    N/A
 Shock                    Conj/Air       ####         1%          1    N/A
 Sting                    Conj/Pois      ####         1%          1    N/A
 Summon Small Mammal      Summ           ####         1%          1    N/A
 Ensorcelled Hibernation  Hex/Ice        ######       1%          2    N/A
 Poisonous Vapours        Pois/Air       ######       1%          2    N/A
 Searing Ray              Conj           ######       1%          2    N/A
 Shroud of Golubria       Chrm/Tloc      #####.....   1%          2    N/A
 Slow                     Hex            ######..     1%          2    N/A
 Song of Slaying          Chrm           ######..     1%          2    N/A
 Swiftness                Chrm/Air       #####...     1%          2    N/A
 Confuse                  Hex            ######..     1%          3    N/A
 Conjure Flame            Conj/Fire      #####...     1%          3    N/A
 Dazzling Spray           Conj/Hex       ######       1%          3    N/A
 Mephitic Cloud           Conj/Pois/Air  ######..     1%          3    N/A
 Regeneration             Chrm/Necr      #######...   1%          3    N/A
 Spider Form              Tmut/Pois      #######...   1%          3    N/A
 Static Discharge         Conj/Air       #####...     1%          3    N/A
 Tukima's Dance           Hex            ######..     1%          3    N/A
 Ice Form                 Ice/Tmut       #######.     1%          4    N/A
 Olgreb's Toxic Radiance  Pois           ######..     1%          4    N/A
 Agony                    Necr           ########     1%          5    N/A
 Blade Hands              Tmut           #######...   1%          5    N/A
 Bolt of Draining         Conj/Necr      #######...   1%          5    N/A
 Excruciating Wounds      Chrm/Necr      #######...   1%          5    N/A
 Yara's Violent Unravell  Hex/Tmut       #######...   1%          5    N/A
 Call Imp                 Summ           ####....     2%          2    N/A
 Cause Fear               Hex            ######....   2%          4    N/A
 Fulminant Prism          Conj/Hex       ######....   2%          4    N/A
 Iskenderun's Mystic Bla  Conj           ######..     2%          4    N/A
 Simulacrum               Ice/Necr       #######...   2%          6    N/A
 Venom Bolt               Conj/Pois      ######....   4%          5    N/A
 Airstrike                Air            #####.....   5%          4    N/A
 Gell's Gravitas          Tloc           ####......   6%          3    N/A
 Recall                   Summ/Tloc      N/A          6%          3    N/A
 Force Lance              Conj/Tloc      #####...     7%          4    N/A
 Metabolic Englaciation   Hex/Ice        ######....   7%          5    N/A
 Borgnjor's Revivificati  Necr           ########..   8%          8    N/A
 Infestation              Necr           ########..   8%          8    N/A
 Lightning Bolt           Conj/Air       #####.....   10%         5    N/A
 Silence                  Hex/Air        #####.....   10%         5    N/A
 Summon Mana Viper        Hex/Summ       #####...     19%         5    N/A
 Passage of Golubria      Tloc           N/A          21%         4    N/A
 Bolt of Cold             Conj/Ice       ######....   36%         6    N/A
 Darkness                 Hex            ######....   36%         6    N/A
 Invisibility             Hex            ######..     36%         6    N/A
 Ozocubu's Refrigeration  Ice            ######....   36%         6    N/A
 Haunt                    Necr/Summ      #######...   36%         7    N/A
 Freezing Cloud           Conj/Ice/Air   ######....   43%         6    N/A
 Aura of Abjuration       Summ           ####......   45%         5    N/A
 Summon Demon             Summ           ####......   45%         5    N/A
 Summon Forest            Summ/Tloc      ####......   47%         5    N/A
 Conjure Ball Lightning   Conj/Air       #####.....   47%         6    N/A
 Deflect Missiles         Chrm/Air       #####.....   50%         6    N/A
 Death's Door             Chrm/Necr      #######...   73%         8    N/A
 Shadow Creatures         Summ           N/A          96%         6    N/A
 Malign Gateway           Summ/Tloc      ####......   100%        7    N/A
 Monstrous Menagerie      Summ           ####......   100%        7    N/A
 Summon Greater Demon     Summ           ####......   100%        7    N/A
 Discord                  Hex            ######....   100%        8    N/A
 Ignition                 Fire           #####.....   100%        8    N/A
 Summon Horrible Things   Summ           ####......   100%        8    N/A
 Blink                    Tloc           Unusable     N/A         2    N/A

Dungeon Overview and Level Annotations

Branches:
Dungeon (15/15)            Temple (1/1) D:7            Lair (6/6) D:8
 Shoals (4/4) Lair:4        Snake (4/4) Lair:2        Slime (0/5) Lair:6
    Orc (2/2) D:12            Elf (3/3) Orc:2        Vaults (5/5) D:13
  Crypt (3/3) Vaults:3       Tomb (0/3) Crypt:3      Depths (0/5) D:15

Altars:
Ashenzari
Cheibriados
Dithmenos
Elyvilon
Fedhas
Gozag
Hepliaklqana
Kikubaaqudgha
Makhleb
Nemelex Xobeh
Okawaru
Qazlal
Ru
Sif Muna
Trog
Uskayaw
Vehumet
Wu Jian
Xom
Yredelemnul
Zin
The Shining One
Beogh

Shops:
D:8 [[=!*(   Orc:2 [=[:   Elf:1 (   Elf:3 %   Shoals:3 *   Snake:2 (
Vaults:1 %*   Vaults:2 *   Vaults:3 :

Portals:
Trove: Vaults:1 (give 4 potions of resistance)


Innate Abilities, Weirdness & Mutations

You cannot be hasted, slowed, berserked, paralysed or teleported.
You can dig through walls and to a lower floor.
Your four strong arms can wield two-handed weapons with a shield.
You have a pair of large antennae on your head. (SInv)
You have large cloven feet.
You are partially covered in molten scales. (AC +2)
You have a somewhat thin skeletal structure. (Dex +2, Stealth)


Message History

The lich touches you.
The skeletal warrior hits you but does no damage.
The lich touches you but does no damage.
The skeletal warrior hits you but does no damage. x2
The lich touches you but does no damage.
The skeletal warrior is no longer distracted by gold. x2
The lich touches you but does no damage.
The skeletal warrior hits you but does no damage.
The skeletal warrior hits you with a +0 scimitar of distortion!
Space bends around you.
The skeletal warrior hits you with a cursed -1 hand axe!
The lich touches you!
The skeletal warrior hits you but does no damage. x2
The lich touches you.
The lich touches you but does no damage.
The skeletal warrior hits you but does no damage.
The skeletal warrior hits you with a +0 mace!!
The skeletal warrior hits you with a +0 scimitar of distortion!!
You die...
Your body crumbles into a pile of gold.

#...............#
##.............## ##...........##
##.........## ###.....### {
###'### { #####⌠.⌠#####
#.⌠.##z##.⌠.# ####8..zzLzzz.8####
.#######8....$.zLLz.....8#######.
.......'........zzz......'.......
.#######8......._.......8#######.
#...'.###.............###
#(..#.###.............###
###.#.'.).............'.# {
#######..#.......#..### { {
#.'.............'.# {


You could see 2 liches and 11 skeletal warriors.

Vanquished Creatures
  Mara (Vaults:3)
  An ancient lich (Crypt:3)
  Margery (Vaults:3)
  Bai Suzhen (Crypt:1)
  Xtahua (Vaults:2)
  Nikola (Elf:2)
  The ghost of Peupolol the Devastator, a veteran GrEE of Lugonu (Crypt:3)
  2 bone dragons (Crypt:3)
  Jorgrun (Shoals:1)
  4 liches
  Asterion (Vaults:2)
  2 deep elf blademasters (Elf:3)
  A titan (Shoals:2)
  The ghost of poxu the Metallomancer, an adept GrEE of Okawaru (Snake:1)
  3 krakens
  3 ancient champions
  Agnes (Snake:1)
  4 deep elf master archers (Elf:3)
  A sphinx (Crypt:3)
  Polyphemus (Shoals:4)
  2 shadow dragons
  Frances (Shoals:1)
  Kirke (Shoals:2)
  2 tengu reavers (Vaults:4)
  9 nagarajas
  The ghost of hofbold the Tainted, an adept DsMo of Yredelemnul (Elf:2)
  3 revenants
  3 frost giants
  2 fire giants
  11 vault wardens
  Aizul (Shoals:1)
  4 deep elf sorcerers (Elf:3)
  A ghoul (Crypt:1)
  A deep elf elementalist (Elf:3)
  An emperor scorpion (shapeshifter) (Elf:2)
  The ghost of harness the Spear-Bearer, an adept TeSk of Vehumet (Shoals:3)
  11 ironheart preservers
  The ghost of DildoBatman the Prestidigitator, a journeyman FoWz of Gozag (Lair:5)
  5 stone giants
  3 very ugly things
  Azrael (D:14)
  10 vampire knights
  The ghost of DungeonDestroyer the Cleaver, a journeyman MiFi of Okawaru (D:13)
  8 deep elf demonologists
  5 deep elf annihilators
  A minotaur (Lair:3)
  5 eidola
  6 merfolk impalers
  8 jiangshi
  2 merfolk javelineers
  The ghost of tailblues the Thaumaturge, a journeyman DgWz (Lair:3)
  10 deep elf death magi
  2 quicksilver dragon zombies
  A fire dragon (Vaults:3)
  3 deep elf high priests (Elf:3)
  Josephine (Shoals:1)
  3 great orbs of eyes
  9 yaktaur captains
  Harold (D:7)
  4 merfolk avatars
  5 ice dragons
  8 hydras
  9 merfolk aquamancers
  2 catoblepae
  14 naga warriors
  27 vault guards
  3 satyrs
  26 anacondas
  8 centaur warriors
  A satyr (shapeshifter) (Elf:3)
  7 death yaks
  7 death knights
  3 deep troll shamans
  31 two-headed ogres
  3 tengu warriors
  3 vampire magi
  10 ogre magi
  3 orc high priests (Orc:2)
  Sonja (D:12)
  17 naga sharpshooters
  4 hell knights (Vaults:3)
  6 shock serpents
  25 deep elf knights
  3 soul eaters
  Nergalle (Lair:4)
  39 skeletal warriors
  An unseen horror (shapeshifter) (Vaults:4)
  2 storm dragon skeletons
  8 sea snakes
  3 shadow wraiths
  An anaconda zombie (Crypt:2)
  A glowing orange brain (shapeshifter) (Elf:2)
  6 flayed ghosts
  8 deep trolls
  2 wizards
  An obsidian statue (Shoals:3)
  An orange crystal statue (Elf:2)
  19 deep elf archers
  2 unseen horrors
  17 ironbrand convokers
  3 shadow dragon zombies (Crypt:2)
  4 anaconda skeletons
  5 phantasmal warriors
  A lindwurm (Lair:6)
  19 harpies
  12 naga ritualists
  15 orc knights
  A golden dragon skeleton (Crypt:1)
  A harpy (shapeshifter) (Elf:2)
  12 mana vipers
  3 wolf spider zombies
  5 necromancers
  A stone giant zombie (Crypt:2)
  2 oklob plants (Lair:1)
  50 ugly things
  13 manticores
  5 wolf spiders
  16 fauns
  68 deep elf magi
  10 cyclopes
  6 orc sorcerers
  2 frost giant skeletons (Crypt:2)
  2 moths of wrath
  A shadow dragon skeleton (Crypt:2)
  A fire giant skeleton (Crypt:3)
  20 elephants
  11 salamanders
  A black mamba (shapeshifter) (Vaults:3)
  13 guardian serpents
  9 merfolk sirens
  2 water nymphs
  Joseph (D:7)
  50 black mambas
  20 naga magi
  Maurice (D:12)
  10 vault sentinels
  An ice statue (IceCv)
  A storm dragon simulacrum (Crypt:1)
  A spiny frog (Lair:5)
  A dire elephant skeleton (Crypt:3)
  A torpor snail (Lair:1)
  A white draconian zombie (Crypt:2)
  4 rime drakes
  7 freezing wraiths
  2 efreet
  7 komodo dragons
  A komodo dragon (shapeshifter) (Vaults:1)
  A sea snake skeleton (Crypt:1)
  51 yaktaurs
  4 guardian mummies (Crypt:3)
  34 merfolk
  A minotaur skeleton (Crypt:3)
  A catoblepas skeleton (Crypt:1)
  11 trolls
  A tengu conjurer (D:14)
  7 hornets
  3 hydra zombies
  A queen ant zombie (Crypt:1)
  3 meliai (D:15)
  A queen bee (shapeshifter) (D:15)
  2 trolls (shapeshifter)
  9 wind drakes
  17 polar bears
  A jumping spider (shapeshifter) (Elf:2)
  Prince Ribbit (Lair:1)
  A meliai (shapeshifter) (Vaults:1)
  13 hippogriffs
  2 hydra skeletons
  A fire dragon zombie (D:13)
  8 dream sheep
  A hippogriff (shapeshifter) (Elf:3)
  14 blink frogs
  9 slime creatures
  13 snapping turtles
  A tarantella (shapeshifter) (Elf:2)
  An air elemental (Elf:2)
  A vampire (D:13)
  An ice dragon skeleton (Crypt:1)
  3 ettin skeletons
  An alligator skeleton (Crypt:1)
  17 flying skulls
  A fire dragon skeleton (Crypt:1)
  49 yaks
  4 wyverns
  A shadow (D:12)
  7 hogs (Shoals:2)
  14 wraiths
  Eustachio (D:4)
  17 water elementals
  A black mamba skeleton (Crypt:2)
  4 fire elementals
  A golden eye (shapeshifter) (Elf:2)
  4 hungry ghosts
  3 basilisks
  56 nagas
  A soldier ant (D:15)
  8 wargs
  3 hell hounds (D:14)
  16 water moccasins
  A water moccasin (shapeshifter) (Vaults:3)
  The ghost of nano the Magician, an amateur SpEE (D:3)
  4 black bears
  8 porcupines
  An infernal demonspawn skeleton (Crypt:3)
  A monstrous demonspawn skeleton (Crypt:1)
  7 sky beasts
  2 black bears (shapeshifter)
  A hornet zombie (D:13)
  2 spiny frog skeletons
  2 eyes of draining (D:13)
  4 ice beasts
  A blink frog zombie (Crypt:3)
  40 orc warriors
  4 necrophages (D:7)
  A tengu (shapeshifter) (Elf:2)
  36 ogres
  3 boggarts (Vaults:3)
  2 manticore zombies
  A swamp dragon skeleton (Crypt:1)
  42 wolves
  15 centaurs
  An elephant skeleton (Crypt:1)
  15 crocodiles
  A dream sheep skeleton (Crypt:2)
  A big kobold (D:6)
  21 bullfrogs
  A yaktaur skeleton (D:13)
  A cyclops zombie (D:14)
  10 gnoll sergeants
  A wyvern zombie (D:10)
  5 earth elementals
  2 water moccasin zombies (Ossuary)
  A cyclops skeleton (D:13)
  5 scorpions
  A warg skeleton (Orc:2)
  12 killer bees
  6 wights
  2 electric eels
  6 howler monkeys
  A troll skeleton (Orc:2)
  7 crimson imps
  7 centaur zombies
  6 bullfrog skeletons
  9 hounds
  15 jellies
  3 bullfrog zombies
  8 centaur skeletons
  A human zombie (Crypt:1)
  21 orc priests
  22 orc wizards
  2 basilisk skeletons (Crypt:2)
  6 gnoll shamans (Bailey)
  3 iguanas
  A human skeleton (Crypt:3)
  9 worker ants
  An acid dragon zombie (Crypt:3)
  An ogre zombie (D:14)
  5 big kobold zombies
  A demigod skeleton (Crypt:3)
  An ogre skeleton (Orc:2)
  2 mummies (Ossuary)
  2 howler monkey zombies
  7 worker ant zombies
  21 adders
  A swamp drake zombie (Crypt:2)
  28 gnolls
  4 shadow imps
  A white imp (Vaults:1)
  2 ufetubi (Vaults:1)
  2 oozes (Lair:6)
  2 worm zombies
  7 adder zombies
  3 adder skeletons
  A worm (D:4)
  A leopard gecko (D:6)
  81 orcs
  7 bats
  2 giant cockroaches
  3 gnoll zombies (Ossuary)
  5 goblins
  6 hobgoblins
  8 jackals
  6 quokkas
  5 ball pythons
  3 frilled lizards
  A giant cockroach zombie (Crypt:3)
  A goblin zombie (Crypt:2)
  A hobgoblin skeleton (D:14)
  9 hobgoblin zombies
  14 kobolds
  2 kobold skeletons
  5 kobold zombies (Ossuary)
  2 leopard gecko skeletons
  2 leopard gecko zombies
  7 orc skeletons
  5 orc zombies
  2 quokka skeletons
  9 rats
  A rat skeleton (Crypt:2)
  A bush (D:7)
  8 fungi
  8 plants
  6 tentacles
2061 creatures vanquished.

Vanquished Creatures (others)
  An anaconda (Snake:1)
  A two-headed ogre (D:15)
  29 dancing weapons
  2 deep elf knights (Elf:2)
  A dire elephant simulacrum (Crypt:1)
  A fire elemental (Elf:2)
  A naga (Snake:4)
  A kobold (D:7)
  2 bushes (D:7)
  12 fungi
  28 plants
  21 spectral weapons
  45 tentacles
145 creatures vanquished.

Grand Total: 2206 creatures vanquished

Notes
Turn   | Place    | Note
-------+----------+-------------------------------------------
     0 | D:1      | DildoBatman the Formicid Wizard began the quest for the
                  | Orb.
     0 | D:1      | Reached XP level 1. HP: 13/13 MP: 4/4
     8 | D:1      | Reached skill level 1 in Conjurations
   277 | D:1      | Reached XP level 2. HP: 19/19 MP: 1/6
  1130 | D:2      | Reached XP level 3. HP: 24/24 MP: 4/7
  1135 | D:2      | Learned a level 3 spell: Conjure Flame
  1139 | D:2      | Learned a level 3 spell: Mephitic Cloud
  1595 | D:2      | Found an ancient bone altar of Kikubaaqudgha.
  1604 | D:2      | Became a worshipper of Kikubaaqudgha
  1733 | D:2      | Found a faded altar of an unknown god.
  1897 | D:3      | Reached XP level 4. HP: 30/30 MP: 5/8
  1907 | D:3      | Found a burning altar of Makhleb.
  2418 | D:3      | Reached XP level 5. HP: 35/35 MP: 4/9
  2671 | D:3      | Found a runed translucent gate.
  2672 | D:3      | Found a runed translucent gate.
  2672 | D:3      | Found a runed translucent gate.
  2673 | D:3      | Found an opulent altar of Gozag.
  2674 | D:3      | Noticed nano's ghost (amateur SpEE)
  2674 | D:3      | Noticed an ice beast
  2862 | D:4      | Reached skill level 5 in Conjurations
  2862 | D:4      | Reached XP level 6. HP: 41/41 MP: 3/10
  2914 | D:4      | Noticed Eustachio
  3118 | D:4      | Noticed an ogre
  3127 | D:4      | Killed an ogre
  3259 | D:4      | Reached XP level 7. HP: 46/46 MP: 6/11
  3388 | D:4      | Reached skill level 1 in Poison Magic
  3396 | D:4      | Killed Eustachio
  3396 | D:4      | Reached skill level 1 in Fire Magic
  3396 | D:4      | Reached skill level 1 in Air Magic
  3595 | D:5      | Entered Level 5 of the Dungeon
  3822 | D:5      | Reached * piety under Kikubaaqudgha
  3822 | D:5      | Identified Kikubaaqudgha's Almanac of Stolen Souls
                  | (Kikubaaqudgha gifted it to you on level 5 of the Dungeon)
  3822 | D:5      | Received a gift from Kikubaaqudgha
  3897 | D:5      | Gained mutation: You passively map a small area around you.
                  | [potion of mutation]
  3897 | D:5      | Gained mutation: You have a somewhat thin skeletal
                  | structure. (Dex +2, Stealth) [potion of mutation]
  3897 | D:5      | Gained mutation: Your spells are a little harder to cast,
                  | but a little more powerful. [potion of mutation]
  3897 | D:5      | Gained mutation: Your muscles are strong. (Str +2) [potion
                  | of mutation]
  3970 | D:5      | Reached XP level 8. HP: 46/52 MP: 6/12
  3987 | D:5      | Got a scorched mace
  4375 | D:5      | Got a pitted ring mail
  4472 | D:5      | Identified the +1 mace of Ossaschagg {speed, rF+ Str-3
                  | Int+3} (You found it on level 5 of the Dungeon)
  4485 | D:5      | Identified the +1 ring mail "Kius" {rC+ MR+} (You found it
                  | on level 5 of the Dungeon)
  4630 | D:6      | Reached skill level 5 in Poison Magic
  4758 | D:6      | Got a pair of twisted gloves
  4764 | D:6      | Identified the +2 pair of gloves of Creativity {rPois
                  | Dex+4} (You found it on level 6 of the Dungeon)
  5047 | D:6      | Noticed a moth of wrath
  5050 | D:6      | Found a bloodstained altar of Trog.
  5366 | D:6      | Reached XP level 9. HP: 57/57 MP: 6/13
  5417 | D:7      | Noticed Joseph
  5440 | D:7      | Reached ** piety under Kikubaaqudgha
  5851 | D:7      | Reached skill level 1 in Shields
  5899 | D:7      | Found a blossoming altar of Fedhas.
  6089 | D:7      | Reached skill level 1 in Maces & Flails
  6290 | D:7      | Noticed Harold
  6346 | D:7      | Killed Harold
  6346 | D:7      | Reached XP level 10. HP: 29/63 MP: 4/16
  6415 | D:7      | Learned a level 3 spell: Regeneration
  6418 | D:7      | Learned a level 2 spell: Sublimation of Blood
  6453 | D:7      | Killed Joseph
  6614 | D:7      | Found a staircase to the Ecumenical Temple.
  6623 | Temple   | Entered the Ecumenical Temple
  7296 | D:8      | Reached skill level 1 in Charms
  7296 | D:8      | Reached skill level 1 in Necromancy
  7468 | D:8      | Found a sand-covered staircase.
  7557 | Ossuary  | Entered an ossuary
  7645 | Ossuary  | Reached *** piety under Kikubaaqudgha
  7645 | Ossuary  | Identified Kikubaaqudgha's Compendium of Necromancy
                  | (Kikubaaqudgha gifted it to you in an ossuary)
  7645 | Ossuary  | Received a gift from Kikubaaqudgha
  8084 | D:8      | Found a staircase to the Lair.
  8253 | D:8      | Found a sparkling altar of Nemelex Xobeh.
  8534 | D:9      | Reached skill level 5 in Necromancy
  8534 | D:9      | Reached XP level 11. HP: 67/68 MP: 7/17
  8584 | D:9      | Reached **** piety under Kikubaaqudgha
  8934 | D:9      | Reached skill level 1 in Armour
  8938 | D:9      | Found a snail-covered altar of Cheibriados.
  8945 | D:9      | Reached skill level 1 in Fighting
  9023 | D:9      | Found an ornate altar of the Wu Jian Council.
  9148 | D:9      | Found a shadowy altar of Dithmenos.
  9152 | D:9      | Found an opulent altar of Gozag.
  9387 | D:10     | Entered Level 10 of the Dungeon
  9395 | D:10     | Got a translucent long sword
  9396 | D:10     | Identified the +7 long sword of Fepuotur {flame, +Fly Int+4
                  | Dex+4} (You found it on level 10 of the Dungeon)
  9456 | D:10     | Got a jacinth-encrusted leather armour
  9469 | D:10     | Identified the cursed +1 leather armour of Derit {+Blink
                  | rCorr Dex-5 Slay+4} (You found it on level 10 of the
                  | Dungeon)
  9599 | D:10     | Reached skill level 1 in Long Blades
  9984 | D:10     | Noticed a tengu warrior
 10053 | D:10     | Killed a tengu warrior
 10304 | D:10     | Got a steaming robe
 10526 | D:10     | Reached skill level 5 in Spellcasting
 10577 | D:10     | Identified the +1 robe "Ifodi" {+Fly rCorr Str+3 Dex-5}
                  | (You found it on level 10 of the Dungeon)
 10593 | D:11     | Noticed a purple ugly thing
 10616 | D:10     | Killed a purple ugly thing
 10648 | D:11     | Noticed a four-headed hydra
 10673 | D:11     | Killed a two-headed hydra
 10673 | D:11     | Reached skill level 5 in Stealth
 10983 | D:11     | Reached XP level 12. HP: 73/83 MP: 11/20
 11427 | D:12     | Noticed Sonja
 11442 | D:12     | Killed Sonja
 11454 | D:12     | Found a sparkling altar of Nemelex Xobeh.
 11480 | D:12     | Found a staircase to the Orcish Mines.
 11503 | D:12     | Noticed a two-headed ogre
 11512 | D:12     | Killed a two-headed ogre
 11555 | D:12     | Reached skill level 5 in Fighting
 11555 | D:12     | Reached skill level 5 in Armour
 11598 | D:12     | Reached skill level 1 in Evocations
 11599 | D:12     | Reached ***** piety under Kikubaaqudgha
 11625 | D:12     | Noticed a two-headed ogre
 11679 | D:12     | Killed a two-headed ogre
 11710 | D:12     | Found a flagged portal.
 11843 | D:12     | Lost mutation: Your muscles are strong. (Str +2) [potion of
                  | mutation]
 11843 | D:12     | Lost mutation: You have a somewhat thin skeletal structure.
                  | (Dex +2, Stealth) [potion of mutation]
 11843 | D:12     | Lost mutation: Your spells are a little harder to cast, but
                  | a little more powerful. [potion of mutation]
 11843 | D:12     | Lost mutation: You passively map a small area around you.
                  | [potion of mutation]
 11843 | D:12     | Gained mutation: Your spells are a little easier to cast,
                  | but a little less powerful. [potion of mutation]
 11843 | D:12     | Gained mutation: You are robust. (+10% HP) [potion of
                  | mutation]
 11844 | D:12     | Lost mutation: Your spells are a little easier to cast, but
                  | a little less powerful. [potion of mutation]
 11844 | D:12     | Lost mutation: You are robust. (+10% HP) [potion of
                  | mutation]
 11844 | D:12     | Gained mutation: You are somewhat resistant to further
                  | mutation. [potion of mutation]
 11849 | Bailey   | Entered a bailey
 12434 | D:12     | Found a shattered altar of Ashenzari.
 12506 | D:12     | Identified a scroll of acquirement
 12622 | D:12     | Noticed Maurice
 12660 | D:12     | Killed Maurice
 12868 | Orc:1    | Entered Level 1 of the Orcish Mines
 12975 | Orc:2    | Entered Level 2 of the Orcish Mines
 12983 | Orc:2    | Reached skill level 5 in Evocations
 13047 | Orc:2    | Found a staircase to the Elven Halls.
 13177 | Orc:2    | Reached XP level 13. HP: 91/91 MP: 17/23
 13211 | Orc:2    | Noticed a stone giant
 14305 | Orc:2    | Reached ****** piety under Kikubaaqudgha
 14345 | Orc:1    | Received a gift from Kikubaaqudgha
 14502 | D:9      | Fell from the grace of Kikubaaqudgha
 14502 | D:9      | Became a worshipper of Gozag Ym Sagoz the Greedy
 14819 | Orc:2    | Found a roughly hewn altar of Beogh.
 14938 | Orc:2    | Learned a level 5 spell: Dispel Undead
 14944 | Orc:2    | Learned a level 5 spell: Borgnjor's Vile Clutch
 14965 | Orc:2    | Reached skill level 1 in Earth Magic
 14980 | Orc:2    | Reached skill level 2 in Earth Magic
 15037 | Orc:2    | Reached skill level 3 in Earth Magic
 15140 | Orc:2    | Found Qurreted's Book Emporium.
 15140 | Orc:2    | Found Issam's Antique Armour Emporium.
 15142 | Orc:2    | Found Lepruj's Armour Shop.
 15142 | Orc:2    | Found Usic's Jewellery Shop.
 15164 | Orc:2    | Bought a pair of runed boots for 187 gold pieces
 15368 | Orc:2    | Killed a stone giant
 15876 | D:3      | Killed nano's ghost
 16473 | D:13     | Noticed a centaur warrior
 16512 | D:13     | Killed a centaur warrior
 16572 | D:13     | Noticed a centaur warrior
 16580 | D:13     | Killed a centaur warrior
 16580 | D:13     | Reached skill level 4 in Earth Magic
 16687 | D:13     | Found a runed translucent door.
 16706 | D:13     | Noticed a lich
 16710 | D:13     | Noticed a fire giant
 16711 | D:13     | Noticed DungeonDestroyer's ghost (journeyman MiFi)
 16714 | D:13     | Identified the +3 long sword of Disgust {slice, +Fly}
 16714 | D:13     | Noticed a yaktaur captain
 16715 | D:13     | Found a runed translucent door.
 16770 | D:13     | Reached XP level 14. HP: 101/101 MP: 19/26
 17281 | D:13     | Reached skill level 5 in Dodging
 17281 | D:13     | Reached skill level 5 in Earth Magic
 17459 | D:13     | Found a gate to the Vaults.
 18172 | D:14     | Was forgiven by Kikubaaqudgha
 18615 | D:14     | Noticed Azrael
 18657 | D:14     | Killed Azrael
 18689 | D:15     | Entered Level 15 of the Dungeon
 18926 | D:15     | Reached skill level 6 in Earth Magic
 19210 | D:15     | Reached XP level 15. HP: 112/112 MP: 27/27
 19395 | D:15     | Reached skill level 7 in Earth Magic
 19539 | D:15     | Found a staircase to the Depths.
 19539 | D:15     | Noticed a fire giant
 19556 | D:15     | Killed a fire giant
 19982 | D:13     | Killed a lich
 19982 | D:13     | Reached skill level 8 in Earth Magic
 20006 | D:13     | Killed DungeonDestroyer's ghost
 20088 | D:13     | Killed a fire giant
 20093 | D:13     | Reached skill level 10 in Fighting
 20303 | D:8      | Lost mutation: You are somewhat resistant to further
                  | mutation. [potion of mutation]
 20303 | D:8      | Gained mutation: Scrolls take you a little longer to read.
                  | [potion of mutation]
 20303 | D:8      | Gained mutation: You are somewhat resistant to further
                  | mutation. [potion of mutation]
 20306 | Lair:1   | Entered Level 1 of the Lair of Beasts
 20440 | Lair:1   | Reached skill level 10 in Necromancy
 20523 | Lair:1   | Noticed Prince Ribbit
 20538 | Lair:1   | Killed Prince Ribbit
 20547 | Lair:1   | Reached skill level 10 in Spellcasting
 20816 | Lair:1   | Reached skill level 9 in Earth Magic
 21174 | Lair:2   | Got an ancient ruby amulet
 21176 | Lair:2   | Identified the amulet "Seiklogo" {Faith *Corrode MP+9
                  | Stlth+} (You found it on level 2 of the Lair of Beasts)
 21257 | Lair:2   | Found a staircase to the Snake Pit.
 21348 | Lair:2   | Got a smoking shortbow
 22036 | Lair:3   | Noticed tailblues's ghost (journeyman DgWz)
 22060 | Lair:3   | Found a runed translucent gate.
 22060 | Lair:3   | Found a runed translucent gate.
 22060 | Lair:3   | Found a runed translucent gate.
 22085 | Lair:3   | Killed tailblues's ghost
 22085 | Lair:3   | Reached XP level 16. HP: 75/122 MP: 4/30
 22163 | Lair:3   | Found a frozen archway.
 22188 | Lair:3   | Identified the +2 shortbow of Defiance {venom, rF++} (You
                  | found it on level 2 of the Lair of Beasts)
 22205 | IceCv    | Entered an ice cave
 22539 | IceCv    | Reached skill level 10 in Earth Magic
 22756 | IceCv    | Noticed a frost giant
 22786 | IceCv    | Killed a frost giant
 23747 | Lair:4   | Lost mutation: Scrolls take you a little longer to read.
                  | [potion of mutation]
 23747 | Lair:4   | Lost mutation: You are somewhat resistant to further
                  | mutation. [potion of mutation]
 23747 | Lair:4   | Gained mutation: You are agile. (Dex +2) [potion of
                  | mutation]
 23747 | Lair:4   | Gained mutation: You expend magic power (3 MP) to
                  | strengthen your wands. [potion of mutation]
 23809 | Lair:4   | Noticed Nergalle
 23822 | Lair:4   | Killed Nergalle
 23927 | Lair:4   | Found a staircase to the Shoals.
 24868 | Lair:5   | Found a runed translucent door.
 24872 | Lair:5   | Noticed DildoBatman's ghost (journeyman FoWz)
 24880 | Lair:5   | Killed DildoBatman's ghost
 24880 | Lair:5   | Reached skill level 11 in Earth Magic
 25217 | Lair:6   | Entered Level 6 of the Lair of Beasts
 25490 | Lair:6   | Found a glowing silver altar of Zin.
 25635 | Lair:6   | Found a staircase to the Slime Pits.
 26059 | Lair:6   | Reached XP level 17. HP: 128/128 MP: 25/32
 26079 | Lair:6   | Reached skill level 12 in Earth Magic
 26125 | Lair:6   | Got a faintly glowing lead ring
 26487 | Lair:6   | Identified the ring of Xom's Amusement {rElec Dex+5 SInv}
                  | (You found it on level 6 of the Lair of Beasts)
 26803 | Snake:1  | Entered Level 1 of the Snake Pit
 26872 | Snake:1  | Found a transporter.
 26872 | Snake:1  | Noticed poxu's ghost (adept GrEE)
 27101 | Snake:1  | Noticed Agnes
 27112 | Snake:1  | Killed Agnes
 27465 | Snake:1  | Found a transporter.
 27923 | Snake:2  | Reached skill level 13 in Earth Magic
 28038 | Snake:2  | Reached XP level 18. HP: 127/134 MP: 26/36
 28482 | Snake:2  | Found Neusawk's Weapon Emporium.
 29227 | Snake:3  | Reached skill level 14 in Earth Magic
 29764 | Snake:4  | Entered Level 4 of the Snake Pit
 29897 | Snake:4  | Reached skill level 15 in Necromancy
 30706 | Snake:4  | Reached XP level 19. HP: 115/140 MP: 17/37
 31238 | Snake:4  | Got a serpentine rune of Zot
 31597 | Shoals:1 | Entered Level 1 of the Shoals
 31609 | Lair:4   | Learned a level 8 spell: Necromutation
 31693 | Shoals:1 | Reached skill level 1 in Transmutations
 31787 | Shoals:1 | Noticed Jorgrun
 31906 | Shoals:1 | Noticed Josephine
 31923 | Shoals:1 | Killed Josephine
 32132 | Shoals:1 | Noticed Aizul
 32143 | Shoals:1 | Killed Aizul
 32182 | Shoals:1 | Killed Jorgrun
 32219 | Shoals:1 | Noticed Frances
 32243 | Shoals:1 | Killed Frances
 32275 | Shoals:1 | Reached skill level 5 in Transmutations
 32995 | Shoals:2 | Noticed Kirke
 33035 | Shoals:2 | Killed Kirke
 33035 | Shoals:2 | Reached XP level 20. HP: 147/147 MP: 10/38
 33324 | Shoals:2 | Found the +7 great mace "Undeadhunter" {disrupt, rN+}
 33395 | Shoals:2 | Lost mutation: You are agile. (Dex +2) [potion of mutation]
 33395 | Shoals:2 | Lost mutation: You expend magic power (3 MP) to strengthen
                  | your wands. [potion of mutation]
 33395 | Shoals:2 | Gained mutation: You are partially covered in icy blue
                  | scales. (AC +2) [potion of mutation]
 33395 | Shoals:2 | Gained mutation: Your body sometimes deteriorates upon
                  | taking damage. [potion of mutation]
 33395 | Shoals:2 | Gained mutation: You have a somewhat thin skeletal
                  | structure. (Dex +2, Stealth) [potion of mutation]
 33837 | Shoals:3 | Found a runed translucent gate.
 33837 | Shoals:3 | Found a runed translucent gate.
 34262 | Shoals:3 | Found a runed translucent gate.
 34264 | Shoals:3 | Found an opulent altar of Gozag.
 34266 | Shoals:3 | Noticed harness's ghost (adept TeSk)
 34267 | Shoals:3 | Found Onohaiplet's Assorted Antiques.
 34301 | Shoals:3 | Killed harness's ghost
 34389 | Shoals:3 | Bought a puce potion for 35 gold pieces
 34389 | Shoals:3 | Bought a smoky dark potion for 35 gold pieces
 34389 | Shoals:3 | Bought a square ruby amulet for 195 gold pieces
 34530 | Shoals:3 | Reached skill level 10 in Transmutations
 34929 | Shoals:4 | Entered Level 4 of the Shoals
 35222 | Shoals:4 | Noticed Polyphemus
 35372 | Shoals:4 | Killed Polyphemus
 35566 | Shoals:4 | Got a barnacled rune of Zot
 35680 | Shoals:4 | Identified the Handbook of Dark Cold
 35870 | Shoals:4 | Found the +3 pair of gauntlets of War {Slay+5}
 36522 | Snake:1  | Killed poxu's ghost
 36526 | Snake:1  | Reached XP level 21. HP: 94/153 MP: 10/39
 36566 | Snake:1  | Got a scorched platinum ring
 36659 | D:8      | Identified the ring "Qeropsog" {+Blink EV+2 Dex+3} (You
                  | found it on level 1 of the Snake Pit)
 36670 | D:8      | Learned a level 3 spell: Ozocubu's Armour
 36817 | Elf:1    | Entered Level 1 of the Elven Halls
 36855 | Elf:1    | Reached skill level 1 in Ice Magic
 36979 | Elf:1    | Found Exof's Weapon Shoppe.
 37429 | Shoals:3 | Bought a scroll of enchant weapon for 292 gold pieces
 37594 | D:8      | Bought a scroll of identify for 38 gold pieces
 37594 | D:8      | Bought a scroll of identify for 38 gold pieces
 37596 | D:8      | Bought a potion of experience for 900 gold pieces
 37597 | D:8      | Reached skill level 5 in Charms
 37597 | D:8      | Reached XP level 22. HP: 159/159 MP: 40/40
 37598 | D:8      | Reached XP level 23. HP: 165/165 MP: 41/41
 37601 | D:8      | Bought the +10 large shield of Ignorance {rN+ Int-4} for
                  | 2177 gold pieces
 37601 | D:8      | Found the +10 large shield of Ignorance {rN+ Int-4}
 37742 | Vaults:1 | Entered Level 1 of the Vaults
 37901 | Vaults:1 | Reached skill level 10 in Shields
 38663 | Vaults:1 | Found Bogoulerch's Food Shop.
 38827 | Vaults:1 | Found Sisetoa's Assorted Antiques.
 38834 | Vaults:1 | Bought a metal-bound book for 510 gold pieces
 38863 | Vaults:1 | Found a portal to a secret trove of treasure.
 39005 | Vaults:1 | Got a crude ruby amulet
 39080 | Vaults:1 | Identified the amulet "Pupecamm" {Gourm rC+ rN+ Int+5
                  | Slay-3} (You found it on level 1 of the Vaults)
 39134 | Vaults:2 | Noticed Asterion
 39150 | Vaults:2 | Killed Asterion
 39670 | Vaults:2 | Reached skill level 15 in Shields
 39829 | Vaults:2 | Noticed Xtahua
 39850 | Vaults:2 | Killed Xtahua
 40197 | Vaults:2 | Reached XP level 24. HP: 117/172 MP: 36/41
 40216 | Vaults:2 | Found Zaem's Assorted Antiques.
 40221 | Vaults:2 | Bought a scroll of identify for 82 gold pieces
 40221 | Vaults:2 | Bought a scroll labeled KUCOISHR VAIWN for 41 gold pieces
 40459 | Vaults:3 | Reached skill level 5 in Ice Magic
 40682 | Vaults:3 | Reached skill level 5 in Polearms
 40786 | Vaults:3 | Found Miczymoe's Book Shop.
 40796 | Vaults:3 | Bought a book of the Tempests for 840 gold pieces
 40798 | Vaults:3 | Bought a book of Battle for 480 gold pieces
 40802 | Vaults:3 | Learned a level 3 spell: Spectral Weapon
 40841 | Vaults:3 | Reached skill level 1 in Hexes
 40886 | Vaults:3 | Lost mutation: Your body sometimes deteriorates upon taking
                  | damage. [potion of mutation]
 40886 | Vaults:3 | Lost mutation: You are partially covered in icy blue
                  | scales. (AC +2) [potion of mutation]
 40886 | Vaults:3 | Gained mutation: You have large cloven feet. [potion of
                  | mutation]
 40886 | Vaults:3 | Gained mutation: You are partially covered in molten
                  | scales. (AC +2) [potion of mutation]
 40969 | Vaults:3 | Reached skill level 15 in Transmutations
 41080 | Vaults:3 | You fall through a shaft!
 41190 | Vaults:4 | Reached skill level 5 in Hexes
 41430 | Vaults:4 | Identified Ecelivai's Incunabulum of Flight and
                  | Transmutation
 42460 | Vaults:4 | Reached XP level 25. HP: 177/177 MP: 20/41
 42757 | Vaults:3 | Noticed Mara
 42764 | Vaults:3 | Noticed DildoBatman's illusion
 42770 | Vaults:3 | Killed Mara
 42831 | Vaults:3 | Found a staircase to the Crypt.
 42862 | Vaults:3 | Noticed Margery
 42879 | Vaults:3 | Killed Margery
 43269 | Vaults:5 | Entered Level 5 of the Vaults
 43305 | Vaults:4 | Reached skill level 15 in Earth Magic
 43374 | Vaults:4 | Reached skill level 16 in Earth Magic
 45148 | Elf:2    | Reached skill level 17 in Earth Magic
 45387 | Elf:2    | Found a transporter.
 45481 | Elf:2    | Found a transporter.
 45485 | Elf:2    | Noticed hofbold's ghost (adept DsMo)
 45538 | Elf:2    | Reached skill level 18 in Earth Magic
 45547 | Elf:2    | Found a runed translucent gate.
 45547 | Elf:2    | Found a runed translucent gate.
 45548 | Elf:2    | Found a runed translucent gate.
 45831 | Elf:2    | Noticed Nikola
 45843 | Elf:2    | Killed Nikola
 45910 | Elf:2    | Reached XP level 26. HP: 125/184 MP: 6/41
 46322 | Elf:2    | Reached skill level 19 in Earth Magic
 46331 | Elf:2    | Killed hofbold's ghost
 46341 | Elf:2    | Got a bloodstained cloak
 46345 | Elf:2    | Got a steaming glass ring
 46391 | Elf:2    | Identified the +1 cloak of Resonance {Dex+2} (You found it
                  | on level 2 of the Elven Halls)
 46409 | Elf:2    | Identified the ring of Lutraar {+Blink EV+2 Str+2 Dex+2}
                  | (You found it on level 2 of the Elven Halls)
 46432 | Elf:3    | Entered Level 3 of the Elven Halls
 46455 | Elf:3    | Found Ecairgh's Food Shop.
 47040 | Elf:3    | Got a pitted dire flail
 47168 | Elf:3    | Reached skill level 20 in Earth Magic
 47237 | Elf:3    | Reached skill level 21 in Earth Magic
 47455 | Elf:3    | Identified the +8 dire flail "Hellblazer" {distort, rN+}
                  | (You found it on level 3 of the Elven Halls)
 47536 | Elf:3    | Found the +8 longbow "Zephyr" {speed, Dex+3 SInv}
 47581 | Elf:3    | Got a smoking jade ring
 47650 | Elf:3    | Identified the cursed ring of the Ancients {rF+ AC-4} (You
                  | found it on level 3 of the Elven Halls)
 47666 | Elf:3    | Learned a level 9 spell: Shatter
 47679 | Elf:3    | Got a steaming wooden ring
 47704 | Elf:3    | Identified the ring "Firpho Moesuo" {rF+ rC+ Str+6 Int-3}
                  | (You found it on level 3 of the Elven Halls)
 47722 | Elf:3    | Got a fine glaive
 47729 | Elf:3    | Got a warped hunting sling
 47741 | Elf:3    | Got a pitted battleaxe
 47761 | Elf:3    | Got a faintly humming leather armour
 47778 | Elf:3    | Identified the +9 glaive "Olainiru" {chop, Str+3} (You
                  | found it on level 3 of the Elven Halls)
 47780 | Elf:3    | Identified the +7 hunting sling "Qiliv" {venom, rElec} (You
                  | found it on level 3 of the Elven Halls)
 47782 | Elf:3    | Identified the +7 battleaxe of Nudyiwk {venom, *Corrode
                  | +Inv Dex+4 SInv} (You found it on level 3 of the Elven
                  | Halls)
 47798 | Elf:3    | Identified the +5 leather armour of the Barber Surgeon
                  | {Dex+3} (You found it on level 3 of the Elven Halls)
 47814 | Elf:3    | Got a faintly glowing robe
 47825 | Elf:3    | Identified the +1 robe of Ygysoism {Str+5 Dex+3} (You found
                  | it on level 3 of the Elven Halls)
 48396 | D:8      | Bought the +8 Wrath of Trog {antimagic, *Rage} for 1760
                  | gold pieces
 48396 | D:8      | Found the +8 Wrath of Trog {antimagic, *Rage}
 48406 | D:8      | Learned a level 9 spell: Tornado
 48782 | Crypt:1  | Entered Level 1 of the Crypt
 48804 | Crypt:1  | You fall through a shaft!
 49448 | Crypt:2  | Reached XP level 27. HP: 190/190 MP: 25/41
 49955 | Crypt:1  | Reached skill level 5 in Maces & Flails
 50230 | Crypt:1  | Noticed Bai Suzhen
 50247 | Crypt:1  | Killed Bai Suzhen
 50609 | Crypt:3  | Entered Level 3 of the Crypt
 50669 | Crypt:3  | Found a runed translucent door.
 50670 | Crypt:3  | Noticed Peupolol's ghost (veteran GrEE)
 50678 | Crypt:3  | Killed Peupolol's ghost
 50842 | Crypt:3  | Found an ancient bone altar of Kikubaaqudgha.
 51356 | Crypt:3  | Found a staircase to the Tomb.
 51527 | Crypt:3  | Noticed an ancient lich
 51539 | Crypt:3  | Reached skill level 10 in Evocations
 51540 | Crypt:3  | Killed an ancient lich
 51550 | Crypt:3  | Found the cursed +13 scythe of Curses {drain, *Curse}
 51656 | Crypt:3  | HP: 9/190 [skeletal warrior/+0 mace (10)]
 51656 | Crypt:3  | Slain by a skeletal warrior

Skill      XL: |  1  2  3  4  5  6  7  8  9 10 11 12 13 14 15 16 17 18 19 20 21 22 23 24 25 26 27 |
---------------+----------------------------------------------------------------------------------+-----
Conjurations   | 1 2 3 4 5 6 |  6.0
Poison Magic   | 3 6 8 |  8.0
Fire Magic     | 2 4 |  4.0
Air Magic      | 2 3 4 |  4.1
Shields        | 7 9 15 16 18 | 18.3
Maces & Flails | 2 4 5 |  5.0
Spellcasting   | 4 5 7 8 10 11 14 | 14.0
Charms         | 4 5 6 |  6.0
Necromancy     | 5 6 7 8 10 11 12 15 17 18 | 18.9
Armour         | 3 5 6 8 9 |  9.0
Dodging        | 3 4 6 7 |  7.0
Fighting       | 3 5 6 8 10 | 10.0
Stealth        | 5 6 |  6.0
Long Blades    | 3 4 |  4.1
Evocations     | 5 8 10 | 10.2
Earth Magic    | 4 6 9 11 13 14 18 21 | 21.3
Transmutations | 6 13 14 17 18 19 | 19.0
Ice Magic      | 2 3 4 6 |  6.0
Polearms       | 2 3 4 5 |  5.0
Hexes          | 6 |  6.0
Summonings     | |  1.0
Translocations | |  0.8

Action                   |  1- 3 |  4- 6 |  7- 9 | 10-12 | 13-15 | 16-18 | 19-21 | 22-24 | 25-27 || total
-------------------------+-------+-------+-------+-------+-------+-------+-------+-------+-------++-------
Melee: Club              |     6 |     2 |     8 |       |       |       |       |       |       ||    16
       Rapier            |       |       |     4 |       |       |       |       |       |       ||     4
       Spear             |       |       |    23 |       |       |       |       |       |       ||    23
       Mace              |       |       |   160 |   199 |    14 |       |       |       |       ||   373
       Long sword        |       |       |       |   325 |   744 |   807 |   376 |    85 |       ||  2337
       Demon trident     |       |       |       |       |       |       |       |   566 |   485 ||  1051
       Great mace        |       |       |       |       |       |       |       |       |   309 ||   309
       Staff             |       |       |       |       |       |       |       |       |     6 ||     6
 Fire: Hunting sling     |     6 |    78 |   245 |    75 |       |       |       |       |       ||   404
Throw: Tomahawk          |       |       |     4 |       |       |       |       |       |       ||     4
 Cast: Magic Dart        |    67 |    28 |    60 |    75 |    27 |     3 |     1 |       |       ||   261
       Mephitic Cloud    |       |     8 |    25 |    92 |   104 |    49 |    17 |     3 |     7 ||   305
       Conjure Flame     |       |     6 |    30 |    64 |    73 |    10 |     2 |     4 |       ||   189
       Regeneration      |       |       |       |    18 |    51 |    49 |    49 |    21 |    15 ||   203
       Sublimation of Bl |       |       |       |     7 |    35 |    34 |    44 |    35 |    15 ||   170
       Dispel Undead     |       |       |       |       |    18 |     3 |     8 |     8 |    52 ||    89
       Borgnjor's Vile C |       |       |       |       |    51 |   171 |   237 |   176 |   141 ||   776
       Ozocubu's Armour  |       |       |       |       |       |       |       |     6 |    15 ||    21
       Necromutation     |       |       |       |       |       |       |       |     3 |    15 ||    18
       Spectral Weapon   |       |       |       |       |       |       |       |    31 |   112 ||   143
       Shatter           |       |       |       |       |       |       |       |       |     3 ||     3
Invok: Potion Petition   |       |       |       |       |     1 |     1 |       |       |     1 ||     3
       Receive Necronomi |       |       |       |       |     1 |       |       |       |       ||     1
       Call Merchant     |       |       |       |       |       |       |     3 |     3 |       ||     6
 Abil: Dig               |     3 |     2 |     9 |    28 |    29 |    23 |    26 |     2 |    11 ||   133
       End Transformatio |       |       |       |       |       |       |       |       |     1 ||     1
       Evoke Invisibilit |       |       |       |       |       |       |       |       |     1 ||     1
Evoke: Lamp of fire      |       |       |       |       |     1 |     2 |       |       |       ||     3
       Wand              |       |       |       |       |       |     1 |     4 |       |       ||     5
       Staff of energy   |       |       |       |       |       |       |       |       |    50 ||    50
  Use: Scroll            |       |       |    10 |    12 |     3 |     7 |    18 |     5 |    17 ||    72
       Potion            |       |       |     1 |     2 |     4 |     2 |    15 |     3 |     6 ||    33
 Stab: Confused          |       |       |     2 |    53 |    91 |    60 |     3 |     3 |     4 ||   216
       Sleeping          |       |       |       |     4 |     3 |    11 |     2 |     6 |     8 ||    34
       Distracted        |       |       |       |       |     4 |    12 |     4 |    11 |    12 ||    43
       Petrified         |       |       |       |       |       |     3 |       |       |       ||     3
       Invisible         |       |       |       |       |       |       |       |       |     1 ||     1
  Eat: Chunk             |     3 |     3 |    10 |    31 |     7 |       |       |       |       ||    54
       Ration            |       |     1 |     1 |       |    13 |    12 |    11 |     7 |     9 ||    54
Armor: Robe              |     2 |     3 |    10 |       |       |       |       |       |       ||    15
       Ring mail         |       |       |    34 |    31 |       |       |       |       |       ||    65
       Leather armour    |       |       |       |    45 |       |       |       |       |       ||    45
       Troll leather arm |       |       |       |     4 |   161 |   251 |   143 |    64 |   232 ||   855
Dodge: Dodged            |    18 |    11 |    72 |   153 |   363 |   733 |   469 |   167 |   365 ||  2351
Block: Shield            |       |       |       |   231 |   368 |   690 |   414 |       |       ||  1703
       Large shield      |       |       |       |       |       |       |       |   724 |  1142 ||  1866
       Rpst.: Long sword |       |       |       |    23 |    76 |   165 |    82 |    16 |       ||   362
